 Dungeon Crawl Stone Soup version 0.31-a0-217-g58bb5d79cf (webtiles) character file.

Game seed: 12294054260437479656

21 qw the Shooter (level 2, 0/24 HPs)
             Began as a Minotaur Hexslinger on July 2, 2023.
             Slain by a hound (4 damage)
             ... on level 2 of the Dungeon.
             The game lasted 00:00:19 (847 turns).

qw the Shooter (Minotaur Hexslinger)                 Turns: 847, Time: 00:00:20

Health: 0/24       AC:  5    Str: 12    XL:     2   Next: 65%
Magic:  2/2        EV: 10    Int: 10    God:
Gold:   77         SH:  0    Dex: 12    Spells: 2/3 levels left

rFire   . . .        Y - +1 sling
rCold   . . .        (no shield)
rNeg    . . .        j - +0 ring mail
rPois   .            (helmet restricted)
rElec   .            (no cloak)
rCorr   .            (no gloves)
SInv    .            (no boots)
Will    .....        (no amulet)
Stlth   +            (no ring)
HPRegen 0.24/turn    (no ring)
MPRegen 0.08/turn

%: no passive effects
@: about to teleport
A: horns 2, retaliatory headbutt
a: no special abilities


You were on level 2 of the Dungeon.
You visited 1 branch of the dungeon, and saw 2 of its levels.

You collected 77 gold pieces.


Innate Abilities, Weirdness & Mutations

You have a pair of horns on your head.
You reflexively headbutt those who attack you in melee.


   Skills:
 - Level 2.0 Fighting
 + Level 3.2 Ranged Weapons
 - Level 2.1 Dodging
 - Level 1.0 Spellcasting
 - Level 2.0 Hexes


You had 2 spell levels left.
You knew the following spells:

 Your Spells              Type           Power      Damage    Failure   Level
a - Slow                  Hex            16%        N/A       34%         1

Your spell library contained the following spells:

 Spells                   Type           Power      Damage    Failure   Level
 Inner Flame              Hex/Fire       2%         N/A       83%         3
 Portal Projectile        Hex/Tloc       4%         N/A       83%         3
 Cause Fear               Hex            2%         N/A       98%         4

Inventory:

Hand Weapons
 Y - a +1 sling (weapon)
Armour
 j - a +0 ring mail (worn)
Scrolls
 b - a scroll of fog {unknown}
Potions
 d - a potion of haste {unknown}
 e - a potion of curing {unknown}
 i - a potion of degeneration {unknown}
 k - a potion of mutation {unknown}

Dungeon Overview and Level Annotations

Branches:
Dungeon (2/15)

Altars:


Message History

The sling bullet hits the hound but does no damage.
The hound bites you but does no damage. x2
You shoot a sling bullet.
The sling bullet barely misses the hound.
The hound bites you but does no damage. The hound bites you.
You shoot a sling bullet.
The sling bullet closely misses the hound.
The hound bites you but does no damage. The hound bites you.
You shoot a sling bullet.
The sling bullet hits the hound but does no damage.
The hound bites you but does no damage. The hound bites you.
You shoot a sling bullet.
The sling bullet closely misses the hound.
The hound barely misses you. The hound closely misses you.
You furiously retaliate!
You headbutt the hound. You shoot a sling bullet.
The sling bullet barely misses the hound.
The hound bites you. The hound bites you but does no damage.
You shoot a sling bullet.
The sling bullet completely misses the hound.
The hound bites you but does no damage.
You shoot a sling bullet. The sling bullet hits the hound.
The hound is heavily wounded.
The hound bites you but does no damage. The hound bites you.
The hound bites you but does no damage.
You shoot a sling bullet.
The sling bullet barely misses the hound.
The hound bites you.
You shoot a sling bullet.
The sling bullet barely misses the hound.
The hound bites you. The hound completely misses you.
The hound barely misses you.
846 ||| READING scroll of teleportation.
As you read the scroll of teleportation, it crumbles to dust.
You feel strangely unstable. The hound closely misses you.
You shoot a sling bullet. The sling bullet hits the hound.
The hound is severely wounded.
The hound bites you.
You die...

... ... ... #.# ## #.#
#.. #.# ### #... #.# .#
..#
##....#.###.#########.#
......h@..#.#.#.......#
##....#.#.#.#.#.......##
#... #.#.#.#..........#
### #.#.#.#.#........#
#.#.#.#.#######..#
#.....#.# #..# #...###.#
#..# #...###.#######..#
#................#


You could see a hound.

Vanquished Creatures
  A dart slug (D:1)
  2 ball pythons (D:1)
  3 bats (D:1)
  2 endoplasms (D:1)
  3 hobgoblins (D:1)
  A quokka (D:1)
  2 frilled lizards
  4 rats (D:1)
18 creatures vanquished.

Notes
Turn   | Place    | Note
-------+----------+-------------------------------------------
     0 | D:1      | qw the Minotaur Hexslinger began the quest for the Orb.
     0 | D:1      | Reached XP level 1. HP: 16/16 MP: 1/1
     0 | D:1      | 0 ||| qw: Version: 0.3-a-40-ge99b1a8
     0 | D:1      | 0 ||| qw: Game counter: 41
     0 | D:1      | 0 ||| qw: Melee chars always use a shield: true
     0 | D:1      | 0 ||| qw: God list: Okawaru
     0 | D:1      | 0 ||| qw: Allow faded altars: false
     0 | D:1      | 0 ||| qw: Do Orc after clearing Dungeon:15 true
     0 | D:1      | 0 ||| qw: Do second Lair branch before Depths: true
     0 | D:1      | 0 ||| qw: Lair rune preference: random
     0 | D:1      | 0 ||| qw: Goals: Normal
     0 | D:1      | 0 ||| PLANNING D:1-11
    90 | D:1      | Reached skill level 3 in Ranged Weapons
    93 | D:1      | Reached XP level 2. HP: 23/23 MP: 2/2
   750 | D:1      | 750 ||| UPGRADING to +0 leather armour.
   760 | D:1      | 760 ||| DROPPING +0 robe.
   761 | D:1      | 761 ||| UPGRADING to +0 ring mail.
   771 | D:1      | 771 ||| DROPPING +0 leather armour.
   772 | D:1      | 772 ||| READING 2 scrolls labelled JYTESSI OGGI.
   777 | D:1      | 777 ||| READING scroll labelled IKLYTRESIC.
   778 | D:1      | 778 ||| READING scroll labelled BOEMUW ZEMNUYJOO.
   779 | D:1      | 779 ||| DROPPING scroll of poison.
   845 | D:2      | HP: 3/24 [hound (4)]
   846 | D:2      | 846 ||| READING scroll of teleportation.
   847 | D:2      | Slain by a hound

Levels and vault maps discovered:
D:1:      minmay_arrival_doors, layout_basic
D:2:      layout_basic, serial_shops, shop_coins

Skill      XL: |  1  2 |
---------------+-------+-----
Ranged Weapons | 3 |  3.2
Fighting       | 2 |  2.0
Dodging        | |  2.1
Spellcasting   | |  1.0
Hexes          | |  2.0

Action                     || total
---------------------------++-------
   Fire: Sling             ||    74
    Use: Scroll            ||     4
 Armour: Ring mail         ||     9
         Robe              ||     5
  Dodge: Dodged            ||    15

Table legend:
 A = Non-vault XP
 B = Vault XP
 C = Vault XP percentage of total XP
 D = Non-vault monster count
 E = Vault monster count
 F = Vault count percentage of total count
                 A         B        C        D         E       F
            +---------+---------+-------+---------+---------+-------
      Total |      31 |       0 |   0.0 |      18 |       0 |   0.0
            +---------+---------+-------+---------+---------+-------
        D:1 |      30 |       0 |   0.0 |      17 |       0 |   0.0
        D:2 |       1 |       0 |   0.0 |       1 |       0 |   0.0
            +---------+---------+-------+---------+---------+-------
